AoeStats
← Tadeito084819

Black Forest

504634509Analyzed
4v4 RM · 24d ago on Sep 6, 2026· 52m 17s· 8 players
Game mode
Random Map
Map size
Large (8 player)
Population
200
Speed
Normal
Resources
Standard
Victory
Conquest
Starting age
Dark Age
Ending age
Imperial Age
RankedLock teamsTeams togetherTeam positionsShared explorationLock speedFull tech treeHidden civsTurbo modeCheats
Victory
Defeat
🇲🇽 Franks · Mexico
703
+34
🇲🇽 Cumans · Mexico
684
+15
🇲🇽 Teutons · Mexico
617
+17
🇲🇽 Italians · Mexico
536
+21
🇦🇷 Chinese · Argentina
700
-19
🇦🇷 Khmer · Argentina
679
-18
🇧🇷 Britons · Brazil
612
-15
🇨🇴 Georgians · Colombia
610
-15
estagio.musc
0:51 Loom
13:30 Feudal Age
14:01 Horse Collar
14:10 Double-Bit Axe
14:19 Stone Mining
14:20 Gold Mining
15:13 Wheelbarrow
14:43 Town Watch
22:58 Padded Archer Armor
22:48 Fletching
26:14 Castle Age
27:13 Heavy Plow
27:26 Bow Saw
27:54 Gold Shaft Mining
27:24 Caravan
27:59 Coinage
27:27 Bodkin Arrow
27:48 Leather Archer Armor
28:54 Treadmill Crane
29:08 Heated Shot
29:30 Masonry
29:44 Ballistics
30:56 Murder Holes
31:22 Hand Cart
32:14 Yeomen
32:14 Town Patrol
33:36 Elite Skirmisher
33:46 Crossbowman
37:59 Imperial Age
38:20 Elite Longbowman
40:09 Ring Archer Armor
39:56 Bracer
48:20 Architecture
50:21 Fortified Wall
AngeloCDLM1946
0:40 Loom
12:19 Feudal Age
12:44 Horse Collar
12:52 Double-Bit Axe
13:02 Town Watch
17:08 Wheelbarrow
17:14 Gold Mining
17:15 Stone Mining
26:22 Castle Age
27:41 Town Patrol
27:57 Hand Cart
28:03 Bow Saw
28:02 Scale Barding Armor
27:58 Scale Mail Armor
27:58 Padded Archer Armor
28:10 Forging
27:51 Fletching
27:51 Light Cavalry
29:38 Husbandry
30:59 Stone Shaft Mining
30:55 Bloodlines
36:52 Svan Towers
36:18 Pikeman
42:01 Imperial Age
43:05 Halberdier
43:33 Elite Skirmisher
44:35 Cavalier
46:28 Crossbowman
46:38 Heavy Cavalry Archer
49:32 Parthian Tactics
49:31 Sappers
51:29 Hussar
Mek666nix
9:30 Loom
12:36 Feudal Age
16:13 Castle Age
14:42 Stone Mining
14:39 Double-Bit Axe
14:44 Horse Collar
26:08 Heavy Plow
26:01 Gold Mining
26:27 Bow Saw
29:52 Gold Shaft Mining
30:04 Stone Shaft Mining
34:47 Caravan
39:15 Imperial Age
41:20 Husbandry
41:31 Bloodlines
40:41 Light Cavalry
41:48 Fortified Wall
41:58 Ballistics
41:35 Murder Holes
43:04 Hussar
44:28 Crop Rotation
ValenBernal6407
0:31 Loom
16:23 Feudal Age
17:11 Horse Collar
18:31 Double-Bit Axe
18:41 Gold Mining
18:41 Stone Mining
23:44 Castle Age
27:44 Heavy Plow
29:40 Bow Saw
35:31 Imperial Age
33:35 Thumb Ring
33:57 Fishing Lines
33:53 Elite Skirmisher
35:27 Padded Archer Armor
35:19 Fletching
35:59 Gillnets
39:16 Two-Man Saw
39:27 Wheelbarrow
39:27 Conscription
39:46 Fortified Wall
39:33 Heated Shot
39:45 Bodkin Arrow
40:05 Caravan
40:31 Hand Cart
40:05 Town Watch
40:39 Heavy Rocket Cart
42:22 Ballistics
43:06 Chemistry
44:34 Leather Archer Armor
44:20 Bracer
45:05 Murder Holes
45:22 Masonry
45:47 Ring Archer Armor
45:34 Pikeman
47:12 Scale Mail Armor
47:23 Forging
48:11 Chain Mail Armor
48:11 Halberdier
49:54 Iron Casting
51:22 Plate Mail Armor
51:47 Architecture
Daniel68329
0:27 Loom
14:07 Feudal Age
14:37 Double-Bit Axe
14:34 Horse Collar
19:54 Gold Mining
23:53 Castle Age
24:59 Heavy Plow
25:11 Bow Saw
32:46 Imperial Age
31:54 Caravan
34:29 Two-Man Saw
33:11 Pikeman
33:52 Squires
34:43 Crop Rotation
34:59 Conscription
36:44 Ironclad
36:43 Halberdier
36:48 Elite Teutonic Knight
38:19 Forging
38:09 Scale Mail Armor
39:25 Chemistry
38:42 Arson
41:20 Wheelbarrow
40:30 Town Watch
41:26 Iron Casting
41:07 Chain Mail Armor
43:34 Heavy Scorpion
Tadeito084819
0:30 Loom
13:14 Feudal Age
14:05 Double-Bit Axe
16:15 Stone Mining
16:25 Gold Mining
21:19 Castle Age
19:41 Fletching
21:19 Padded Archer Armor
23:03 Bodkin Arrow
23:25 Leather Archer Armor
27:01 Wheelbarrow
34:05 Imperial Age
36:06 Ballistics
36:47 Chemistry
37:30 Thumb Ring
41:43 Bracer
42:15 Ring Archer Armor
Kis
14:26 Feudal Age
17:53 Wheelbarrow
26:21 Double-Bit Axe
31:32 Castle Age
32:48 Scale Barding Armor
32:46 Light Cavalry
33:32 Husbandry
38:37 Hand Cart
enrique.lopezc12983
0:39 Loom
12:32 Feudal Age
13:06 Horse Collar
13:19 Double-Bit Axe
13:28 Gold Mining
13:28 Stone Mining
21:04 Wheelbarrow
26:14 Castle Age
24:41 Forging
24:53 Scale Barding Armor
27:18 Hand Cart
27:06 Heavy Plow
27:45 Gold Shaft Mining
27:23 Bow Saw
27:37 Chain Barding Armor
28:05 Iron Casting
34:33 Imperial Age
32:23 Caravan
33:01 Steppe Husbandry
35:55 Light Cavalry
35:55 Cavalier
36:46 Bloodlines
37:28 Plate Barding Armor
37:53 Blast Furnace
38:01 Two-Man Saw
37:36 Crop Rotation
37:30 Hussar
37:30 Paladin
37:45 Elite Steppe Lancer
41:48 Conscription
42:04 Hoardings
Connection lost

Rejoining the realm…

Still unreachable

The connection could not be restored.

Session expired

The server has moved on; the page needs a fresh start.